 Dungeon Crawl Stone Soup version 0.27-a0-899-ge2d0b17 (webtiles) character file.

Game seed: 16240928000869391510

2 Nithhogg the Skirmisher (level 1, 18/18 HPs)
             Began as a Demonspawn Fighter on Apr 5, 2021.
             Was a Follower of Trog.
             Quit the game on level 1 of the Dungeon.
             The game lasted 00:01:34 (150 turns).

Nithhogg the Skirmisher (Demonspawn Fighter)         Turns: 150, Time: 00:01:35

Health: 18/18      AC:  6    Str: 16    XL:     1   Next: 33%
Magic:  1/1        EV:  9    Int:  9    God:    Trog [*.....]
Gold:   8          SH:  0    Dex: 12    Spells: 0/0 levels left

rFire    . . .     SeeInvis .   a - +0 long sword
rCold    . . .     Faith    .   (no shield)
rNeg     . . .     Spirit   .   b - +0 scale mail
rPois    .         Reflect  .   (no helmet)
rElec    .         Harm     .   (no cloak)
rCorr    .         Rampage  .   (no gloves)
Will     .....                  (no boots)
Stlth    ..........             (no amulet)
HPRegen  0.06/turn              (no ring)
MPRegen  0.07/turn              (no ring)

@: no status effects
A: no striking features
a: Renounce Religion, Berserk


You were on level 1 of the Dungeon.
You worshipped Trog.
Trog was aware of your devotion.
You visited 1 branch of the dungeon, and saw 1 of its levels.

You collected 8 gold pieces.

Inventory:

Hand Weapons
 a - a +0 long sword (weapon)
Armour
 b - a +0 scale mail (worn)
 c - a +0 kite shield
Potions
 d - a potion of might
 e - 2 potions of heal wounds {unknown}


   Skills:
 + Level 3.0 Fighting
 * Level 1.9 Long Blades
 + Level 2.7 Armour
 + Level 0.1 Dodging
 - Level 2.6 Shields


You couldn't memorise any spells.
You didn't know any spells.
Your spell library was empty.

Dungeon Overview and Level Annotations

Branches:
Dungeon (1/15)

Altars:
Trog


Message History

You barely miss the giant cockroach. You closely miss the giant cockroach.
The giant cockroach barely misses you. The giant cockroach closely misses you.
You hit the giant cockroach but do no damage.
The giant cockroach closely misses you.
You riposte.
You closely miss the giant cockroach.
The giant cockroach bites you but does no damage.
You hit the giant cockroach.
You kill the giant cockroach!
No target in view!
No target in view!
No target in view!
No target in view!
Key pressed, stopping explore.
There is a faded altar of an unknown god here.
You cannot tell which god this altar belongs to.
Convert to them anyway?
Okay, then.
You cannot tell which god this altar belongs to.
Convert to them anyway?
Trog accepts your prayer! Trog welcomes you!
You can now go berserk at will.
Found 16 bolts.
Found a scale mail.
e - 2 puce potions You open the door.
Key pressed, stopping explore.
Okay, then.
A rat comes into view.
A rat is nearby!
The rat barely misses you.
You riposte.
You hit the rat but do no damage. You closely miss the rat.
The rat closely misses you.
You riposte.
You hit the rat.
You kill the rat!
Trog accepts your kill.
No target in view!
No target in view!
No target in view!
No target in view!
A bat comes into view.
Are you sure you want to abandon this character and quit the game? (Confirm with "yes".)

. ... .. .. # #.# #.
.##.#. #.# #.
#.#....##.# #.
#.#.......#####.
#.#...##........ #
#.##.###........
..###.###.#...##........
.......@......##.......#
..............##.......#
...b..........##.......#
..###########.##.......#
. #######.##.......#
#.......##._.....#
###.########.......'
#...########.......#
#.#................#


You could see a bat.

Vanquished Creatures
  A giant cockroach (D:1)
  A bat (D:1)
  A rat (D:1)
3 creatures vanquished.

Notes
Turn   | Place    | Note
-------+----------+-------------------------------------------
     0 | D:1      | Nithhogg the Demonspawn Fighter began the quest for the
                  | Orb.
     0 | D:1      | Reached XP level 1. HP: 18/18 MP: 1/1
    43 | D:1      | Found a faded altar of an unknown god.
    69 | D:1      | Became a worshipper of Trog the Wrathful
    69 | D:1      | Reached * piety under Trog
   150 | D:1      | Quit the game

Illustrated notes

Levels and vault maps discovered:
D:1:      scummos_arrival_simple_fountains, layout_basic, basic_ecumenical_altar

Action                   || total
-------------------------++-------
Melee: Long sword        ||     5
Armor: Scale mail        ||     1
Dodge: Dodged            ||     6
       Rpst.: Long sword ||     4

Table legend: (Time is in decaauts)
 A = Elapsed time spent in this place.
 B = Non-inter-level travel time spent in this place.
 C = Inter-level travel time spent in this place.
 D = Time resting spent in this place.
 E = Time spent auto-exploring this place.
 F = Levels seen in this place.
 G = Mean time per level.
                   A        B        C        D        E       F      G
               +--------+--------+--------+--------+--------+-----+--------+
         Total |    151 |    151 |      0 |      0 |    109 |   1 |  151.0 |
       Dungeon |    151 |    151 |      0 |      0 |    109 |   1 |  151.0 |
               +--------+--------+--------+--------+--------+-----+--------+

Top non-repeatable levels by time:
     D:1: 151 daAuts
